 Dungeon Crawl Stone Soup version 0.32-a0-981-g384da2ce10 (webtiles) character file.

Game seed: 16699257664780301245

12741 Ekko the Severer (level 11, -5/156 HPs)
             Began as a Minotaur Berserker on Apr 18, 2024.
             Was an Elder of Trog.
             Slain by a two-headed ogre
             ... wielding a +0 giant spiked club
              (9 damage)
             ... on level 11 of the Dungeon on Apr 20, 2024.
             The game lasted 01:21:36 (12625 turns).

Ekko the Severer (Minotaur Berserker)              Turns: 12625, Time: 01:21:37

Health: -5/156     AC: 13    Str: 26    XL:     11   Next: 66%
Magic:  10/10      EV: 11    Int:  4    God:    Trog [****..]
Gold:   694        SH:  0    Dex: 16    Spells: 10/10 levels left

rFire   . . .        u - +7 long sword (freeze)
rCold   + . .        (no shield)
rNeg    + . .        d - +1 ring mail
rPois   .            (helmet restricted)
rElec   .            e - +2 cloak
rCorr   .            (no gloves)
SInv    .            k - +2 pair of boots
Will    .....        r - amulet of the acrobat Stlth
                     b - ring of Xom's Castigation {rC+ rN+ Dex+6}
HPRegen 0.46/turn    (no ring)
MPRegen 0.12/turn

%: acrobat
@: berserking, very quick
A: horns 2, retaliatory headbutt
a: Renounce Religion, Berserk, Trog's Hand, Brothers in Arms


You were on level 11 of the Dungeon.
You worshipped Trog.
Trog was greatly pleased with you.
You visited 1 branch of the dungeon, and saw 11 of its levels.

You collected 694 gold pieces.

Inventory:

Hand Weapons
 a - a +1 hand axe
 i - a +2 glaive of flaming
 j - the +3 spear of Ropsis {venom, rC+ Int+2}
   (You found it on level 4 of the Dungeon)

   Int+2:     It affects your intelligence (+2).
   rC+:       It protects you from cold.
 q - a +2 dagger of flaming
 u - a +7 long sword of freezing (weapon)
 y - a +4 hand axe
Missiles
 p - 38 stones (quivered)
Armour
 d - a +1 ring mail (worn)
 e - a +2 cloak (worn)
 h - an orb of guile
 k - a +2 pair of boots (worn)
 m - an orb of guile
Jewellery
 b - the ring of Xom's Castigation (left hand) {rC+ rN+ Dex+6}
   (You acquired it on level 1 of the Dungeon)

   [ring of dexterity]

   Dex+6:     It affects your dexterity (+6).
   rC+:       It protects you from cold.
   rN+:       It protects you from negative energy.
 r - an amulet of the acrobat (around neck)
 A - a ring of flight
Talismans
 c - a serpent talisman
Wands
 t - a wand of roots (5)
 w - a wand of flame (8)
 z - a wand of polymorph (4)
 B - a wand of paralysis (4)
Scrolls
 f - a scroll of teleportation
 g - 8 scrolls of identify
 l - 3 scrolls of noise
 n - 2 scrolls of fog
 o - a scroll of immolation
 v - a scroll of enchant weapon
 F - a scroll of revelation {unknown}
 G - a scroll of poison
Potions
 s - a potion of invisibility
 x - a potion of heal wounds
 C - 2 potions of curing
 D - a potion of ambrosia
 E - a potion of enlightenment {unknown}


   Skills:
 - Level 12.1 Fighting
 + Level 18.7 Axes
 * Level 3.5 Armour
 - Level 2.7 Dodging


You had 10 spell levels left.
You didn't know any spells.
Your spell library contained the following spells:

 Spells                   Type           Power      Damage    Failure   Level
 Kiss of Death            Conj/Necr      0%         2d5       63%         1
 Shock                    Conj/Air       0%         1d3       63%         1
 Slow                     Hex            0%         N/A       63%         1
 Summon Small Mammal      Summ           0%         N/A       63%         1
 Call Canine Familiar     Summ           0%         N/A       94%         3
 Confusing Touch          Hex            0%         N/A       94%         3
 Dazzling Flash           Conj/Hex       0%         N/A       94%         3
 Mephitic Cloud           Conj/Alch/Air  0%         N/A       94%         3
 Swiftness                Air            0%         N/A       94%         3
 Vampiric Draining        Necr           0%         2d6       94%         3
 Airstrike                Air            0%         2d(0-16)  100%        4
 Dispel Undead            Necr           0%         3d6       100%        4
 Summon Blazeheart Golem  Fire/Summ      0%         N/A       100%        4
 Silence                  Hex/Air        0%         N/A       100%        5


Dungeon Overview and Level Annotations

Branches:
Dungeon (11/15)            Temple (0/1) D:6            Lair (0/5) D:9
    Orc (0/2) D:10

Altars:
Ashenzari
Dithmenos
Fedhas
Kikubaaqudgha
Nemelex Xobeh
Qazlal
Vehumet
Wu Jian
Xom

Shops:
D:4 ::   D:6 *   D:11 ?

Annotations:
D:7 2 transporters, Konar's ghost, novice CoHu


Innate Abilities, Weirdness & Mutations

You have a pair of horns on your head.
You reflexively headbutt those who attack you in melee.


Message History

You open the door.
There is an open door here.
Things that are here:
a +0 club; a +0 orcbow; a centaur skeleton You open the door.
A two-headed ogre and a cyclops come into view.
Found 17 gold pieces.
Found a stone staircase leading down.
The two-headed ogre shouts in stereo!
The cyclops shouts!
There is an open door here.
The two-headed ogre misses you. x2
You hit the two-headed ogre. You freeze the two-headed ogre.
Your headbutt misses the two-headed ogre.
The two-headed ogre is lightly wounded.
The two-headed ogre hits you with a +0 giant spiked club!
The two-headed ogre hits you but does no damage.
You hit the two-headed ogre. You freeze the two-headed ogre.
Your headbutt misses the two-headed ogre.
The two-headed ogre is moderately wounded.
The two-headed ogre hits you but does no damage.
The two-headed ogre barely misses you.
You hit the two-headed ogre. You freeze the two-headed ogre.
The two-headed ogre is moderately wounded.
You hit the two-headed ogre. You freeze the two-headed ogre.
The two-headed ogre is heavily wounded.
The two-headed ogre hits you with a +0 giant spiked club! x2
You barely miss the two-headed ogre.
The two-headed ogre is heavily wounded.
The two-headed ogre hits you with a +0 giant spiked club!! x2
* * * LOW HITPOINT WARNING * * *
A red film seems to cover your vision as you go berserk!
You feel yourself moving faster!
You feel mighty!
The two-headed ogre hits you with a +0 giant spiked club!
* * * LOW HITPOINT WARNING * * *
The two-headed ogre closely misses you.
You completely miss the two-headed ogre.
The two-headed ogre is heavily wounded.
The two-headed ogre hits you with a +0 giant spiked club!!
* * * LOW HITPOINT WARNING * * *
The two-headed ogre hits you with a +0 giant spiked club!
You die...

+.#≈≈≈.#.....# ###.######
#.≈≈≈≈≈####### #.........
#≈≈∩~≈#..<..# ####...[.....
#≈≈.≈≈#.###.####.)..........
##~.~.#...#.#....##.........
##.#.###.#...#########.####
#.......#.### ##..# #####.###.##
#..## #.# #@.# #.## ###.# ##O#
#.# #### #...#.......#
###'######
+..######.###.ß...ß$###....<...#
#.<##......#.......#.'........#
##.##......#.ß...ß.#.#........#
#.........#.......###........#
####......#Cß...ß.# #........'
#......#...>...# #........#


You could see a two-headed ogre.

Vanquished Creatures
  3 two-headed ogres
  A deep elf pyromancer (D:9)
  A gargoyle (D:10)
  An unseen horror (D:11)
  A kobold demonologist (D:10)
  Maggie (D:8)
  2 trolls (D:9)
  Prince Ribbit (D:5)
  Grinder (D:5)
  Eustachio (D:6)
  26 yaks
  A wraith (D:10)
  4 wyverns
  A warg (D:10)
  An acid dragon (D:11)
  Duvessa (D:7)
  A water moccasin (D:8)
  2 orc warriors (D:10)
  3 ice beasts
  2 black bears
  A sky beast (D:7)
  2 ogres (D:6)
  2 wolves (D:9)
  3 centaurs
  A phantom (D:6)
  2 kobold brigands (D:10)
  Blork the orc (D:6)
  2 bullfrogs
  2 scorpions (D:5)
  9 wights
  Dowan (D:7)
  2 electric eels (D:9)
  2 howler monkeys
  A gnoll bouda (D:9)
  7 hounds
  2 orc priests
  A bombardier beetle (D:5)
  2 jellies
  Ijyb (D:5)
  6 iguanas
  A sleepcap (D:5)
  8 orc wizards
  10 gnolls
  5 adders
  A white imp (D:7)
  2 ufetubi (D:5)
  2 dart slugs
  3 ribbon worms
  43 orcs
  5 ball pythons
  5 endoplasms
  2 giant cockroaches
  10 goblins
  9 hobgoblins
  6 jackals
  14 kobolds
  3 quokkas
  6 bats
  2 frilled lizards
  7 rats
249 creatures vanquished.

Notes
Turn   | Place    | Note
-------+----------+-------------------------------------------
     0 | D:1      | Ekko the Minotaur Berserker began the quest for the Orb.
     0 | D:1      | Reached XP level 1. HP: 19/19 MP: 0/0
   935 | D:1      | Reached XP level 2. HP: 22/27 MP: 1/1
  1232 | D:1      | Identified a scroll of acquirement
  1232 | D:1      | Acquired the ring of Xom's Castigation {rC+ rN+ Dex+6}
  1428 | D:2      | Reached skill level 4 in Axes
  1594 | D:2      | Reached XP level 3. HP: 33/33 MP: 2/2
  2247 | D:2      | Reached ** piety under Trog
  2434 | D:3      | Found a shadowy altar of Dithmenos.
  2596 | D:3      | Reached XP level 4. HP: 41/41 MP: 3/3
  2611 | D:3      | Reached skill level 5 in Fighting
  2611 | D:3      | Reached skill level 5 in Axes
  3142 | D:3      | Reached XP level 5. HP: 47/48 MP: 4/4
  3213 | D:3      | Identified the +4 spear of Blind Justice {venom, *Noise
                  | ^Drain Str+7 Stlth+}
  3393 | D:4      | Identified the +3 spear of Ropsis {venom, rC+ Int+2}
  3419 | D:4      | Found Yhaet's Book Shop.
  3693 | D:4      | Found Keciokka's Self-Published Books.
  3701 | D:4      | Noticed a black bear
  3707 | D:4      | Killed a black bear
  3708 | D:4      | Reached skill level 6 in Axes
  3708 | D:4      | Reached XP level 6. HP: 53/58 MP: 5/5
  3918 | D:4      | Found an ancient bone altar of Kikubaaqudgha.
  4027 | D:4      | Reached *** piety under Trog
  4204 | D:4      | Found a sparkling altar of Nemelex Xobeh.
  4204 | D:4      | Found a faded altar of an unknown god.
  4210 | D:4      | Found a shimmering altar of Xom.
  4212 | D:4      | Found a radiant altar of Vehumet.
  4212 | D:4      | Noticed an ice beast
  4220 | D:4      | Killed an ice beast
  4232 | D:4      | Found an ornate altar of the Wu Jian Council.
  4296 | D:4      | Found a broken altar of Ashenzari.
  4328 | D:5      | Entered Level 5 of the Dungeon
  4347 | D:5      | Reached skill level 7 in Axes
  4347 | D:5      | Reached XP level 7. HP: 41/66 MP: 6/6
  4410 | D:5      | Noticed Ijyb
  4414 | D:5      | Paralysed by Ijyb for 2 turns
  4421 | D:5      | Killed Ijyb
  4520 | D:5      | Noticed Grinder
  4528 | D:5      | Paralysed by Grinder for 2 turns
  4537 | D:5      | Killed Grinder
  4657 | D:5      | Reached skill level 8 in Axes
  4663 | D:5      | Noticed Prince Ribbit
  4680 | D:5      | Killed Prince Ribbit
  4681 | D:5      | Reached XP level 8. HP: 63/75 MP: 7/7
  5447 | D:6      | Found a staircase to the Ecumenical Temple.
  5542 | D:6      | Reached skill level 9 in Axes
  5619 | D:6      | Found Wuom's Gadget Gallery.
  5924 | D:6      | Noticed Blork the orc
  5928 | D:6      | Noticed Eustachio
  5933 | D:6      | Killed Blork the orc
  5942 | D:6      | Killed Eustachio
  5943 | D:6      | Reached skill level 10 in Fighting
  5943 | D:6      | Reached skill level 10 in Axes
  6283 | D:7      | Reached XP level 9. HP: 64/86 MP: 8/8
  6289 | D:7      | Reached **** piety under Trog
  6426 | D:7      | Noticed Dowan
  6426 | D:7      | Noticed Duvessa
  6436 | D:7      | Killed Duvessa
  6440 | D:7      | Killed Dowan
  6567 | D:7      | Reached skill level 11 in Axes
  6721 | D:7      | Found a transporter.
  6721 | D:7      | Found a transporter.
  6721 | D:7      | Noticed Konar's ghost (novice CoHu)
  6728 | D:7      | Noticed a queen bee
  6795 | D:7      | Found a flagged portal.
  7056 | D:7      | Upgraded the game from 0.32-a0-975-g85d4e5bfdb to
                  | 0.32-a0-981-g384da2ce10
  7254 | D:8      | Noticed Maggie
  7265 | D:8      | Killed Maggie
  7690 | D:8      | Reached skill level 12 in Axes
  7789 | D:8      | Reached XP level 10. HP: 83/97 MP: 9/9
  7796 | D:8      | Reached skill level 13 in Axes
  7826 | D:8      | Reached skill level 14 in Axes
  8402 | D:9      | Reached ***** piety under Trog
  8548 | D:9      | Reached skill level 15 in Axes
  8767 | D:9      | Found a staircase to the Lair.
  8904 | D:9      | Noticed a deep elf pyromancer
  8913 | D:9      | Killed a deep elf pyromancer
  9009 | D:9      | Reached skill level 16 in Axes
  9094 | D:9      | Found a stormy altar of Qazlal.
  9095 | D:9      | Found a blossoming altar of Fedhas.
  9131 | D:9      | Received a gift from Trog
  9429 | D:9      | Reached XP level 11. HP: 59/99 MP: 10/10
 10213 | D:10     | Entered Level 10 of the Dungeon
 10286 | D:10     | Reached skill level 17 in Axes
 10978 | D:10     | Noticed a two-headed ogre
 10988 | D:10     | Killed a two-headed ogre
 11041 | D:10     | Reached skill level 18 in Axes
 11170 | D:10     | Found a staircase to the Orcish Mines.
 11272 | D:10     | Noticed a two-headed ogre
 11278 | D:10     | Killed a two-headed ogre
 11739 | D:11     | Found Yfrouf's Magic Scroll Boutique.
 11921 | D:11     | Noticed a two-headed ogre
 11931 | D:11     | Killed a two-headed ogre
 12615 | D:11     | Noticed a two-headed ogre
 12625 | D:11     | HP: 4/156 [two-headed ogre/+0 giant spiked club (21)]
 12625 | D:11     | Slain by a two-headed ogre

Illustrated notes

Levels and vault maps discovered:
D:1:      zelgadis_glass_arrival_small, layout_loops_corners, minmay_distorted
D:2:      layout_basic
D:3:      layout_basic, nicolae_dithmenos_the_darkroom,
          chequers_serial_rivers_micro_c, cheibrodos_gnoll_hut
D:4:      layout_gridville, chequers_temple_overflow_minitemple,
          kiku_gazebo_pond_becter, mainiacjoe_overflow_catwalk, serial_shops,
          nicolae_book_shop_shelving, nicolae_custom_books
D:5:      layout_rooms, minivault_23, uniq_ijyb, uniq_grinder,
          uniq_prince_ribbit1
D:6:      layout_loops_corners, minmay_temple_entry_nine_rooms,
          nicolae_shop_gadgets, uniq_blork_the_orc, uniq_eustachio
D:7:      layout_cave_pools, gammafunk_ghost_hive, enter_bailey_2,
          enter_ossuary_5, uniq_duvessa
D:8:      layout_rooms, uniq_maggie
D:9:      layout_gridville, grunt_temple_overflow_forces_of_nature,
          erik_lair_island, guppyfry_early_elven_hall
D:10:     layout_rooms, david_orc_3
D:11:     layout_roguey, serial_shops, nicolae_shop_waterfront,
          grunt_ministairs_3

Skill      XL: |  1  2  3  4  5  6  7  8  9 10 11 |
---------------+----------------------------------+-----
Fighting       | 4 5 6 7 8 10 12 | 12.1
Axes           | 4 5 6 7 8 10 12 16 18 | 18.7
Armour         | 3 |  3.5
Dodging        | |  2.7

Action                     |  1- 3 |  4- 6 |  7- 9 | 10-12 || total
---------------------------+-------+-------+-------+-------++-------
  Melee: Hand axe          |    93 |    41 |       |       ||   134
         Headbutt          |    13 |    14 |    66 |    74 ||   167
         Spear             |       |    61 |   249 |   200 ||   510
         Long sword        |       |       |       |   111 ||   111
  Throw: Stone             |       |     1 |     8 |       ||     9
 Invoke: Berserk           |       |     1 |     3 |    10 ||    14
         Trog's Hand       |       |       |       |     1 ||     1
    Use: Scroll            |     5 |       |     6 |     1 ||    12
         Potion            |     2 |       |     6 |       ||     8
 Armour: Leather armour    |    15 |       |       |       ||    15
         Animal skin       |     2 |       |       |       ||     2
         Ring mail         |    36 |    66 |   112 |   232 ||   446
  Dodge: Dodged            |    51 |    57 |    97 |   199 ||   404

Table legend: (Time is in decaauts)
 A = Elapsed time spent in this place.
 B = Non-inter-level travel time spent in this place.
 C = Inter-level travel time spent in this place.
 D = Time resting spent in this place.
 E = Time spent auto-exploring this place.
 F = Levels seen in this place.
 G = Mean time per level.
                   A        B        C        D        E       F      G
               +--------+--------+--------+--------+--------+-----+--------+
         Total |  12689 |  12415 |    274 |   4471 |   5234 |  11 | 1153.5 |
       Dungeon |  12689 |  12415 |    274 |   4471 |   5234 |  11 | 1153.5 |
               +--------+--------+--------+--------+--------+-----+--------+

Top non-repeatable levels by time:
     D:9: 1805 daAuts
    D:10: 1577 daAuts
     D:1: 1298 daAuts
     D:8: 1239 daAuts
     D:2: 1079 daAuts
     D:5: 1033 daAuts
     D:3: 1006 daAuts
     D:4: 955 daAuts
    D:11: 945 daAuts
     D:6: 875 daAuts
     D:7: 872 daAuts
